 Dungeon Crawl Stone Soup version 0.26-a0-812-g31a745ddcd (webtiles) character file.

Game seed: 18191662506175544258

9608 raph the Thaumaturge (level 11, -20/61 HPs)
             Began as a Deep Elf Conjurer on Nov 22, 2020.
             Was a High Priest of Vehumet.
             Demolished by a boulder beetle (55 damage)
             ... on level 11 of the Dungeon.
             The game lasted 00:38:31 (13977 turns).

raph the Thaumaturge (Deep Elf Conjurer)           Turns: 13977, Time: 00:38:31

Health: -20/61     AC: 12    Str:  6    XL:     11   Next: 25%
Magic:  4/26       EV: 19    Int: 31    God:    Vehumet [*****.]
Gold:   640        SH:  0    Dex: 13    Spells: 3/29 levels left

rFire    . . .     SeeInvis .   R - +3 short sword (spect)
rCold    . . .     Faith    +   (no shield)
rNeg     . . .     Spirit   .   U - +1 troll leather armour
rPois    .         Reflect  .   r - +1 helmet
rElec    .         Harm     .   B - +1 cloak
rCorr    .         Rampage  .   i - +1 pair of gloves
MR       +....                  (no boots)
Stlth    +++.......             c - amulet of faith
HPRegen  0.60/turn              x - +6 ring of intelligence
MPRegen  0.20/turn              A - +4 ring of evasion

@: about to teleport
A: no striking features
a: Renounce Religion


You were on level 11 of the Dungeon.
You worshipped Vehumet.
Vehumet was extremely pleased with you.
You visited 1 branch of the dungeon, and saw 11 of its levels.
You also visited: Ossuary.

You collected 640 gold pieces.

Inventory:

Hand Weapons
 g - a +0 dagger of electrocution
 t - a +0 short sword of electrocution
 G - a +0 dagger of speed
 P - a +2 short sword of electrocution
 R - a +3 spectral short sword (weapon)
Missiles
 e - 9 atropa-tipped darts
 n - 15 boomerangs
 p - 15 poisoned darts (quivered)
Armour
 i - a +1 pair of gloves (worn)
 r - a +1 helmet (worn)
 B - a +1 cloak (worn)
 D - a +1 leather armour of poison resistance
 F - a +0 leather armour of fire resistance
 N - a +3 leather armour of magic resistance
 U - a +1 troll leather armour (worn)
Jewellery
 c - an amulet of faith (around neck)
 j - a +6 ring of dexterity
 x - a +6 ring of intelligence (left hand)
 A - a +4 ring of evasion (right hand)
 E - an uncursed ring of ice
 K - an uncursed amulet of the acrobat {unknown}
 V - an uncursed ring of protection from fire
 W - an uncursed ring of fire {unknown}
Wands
 u - a wand of polymorph (15)
 z - a wand of disintegration (8)
 L - a wand of flame (18)
 M - a wand of random effects (34)
 Q - a wand of iceblast (12)
 T - a wand of digging (2)
 X - a wand of enslavement (7)
Scrolls
 a - 4 scrolls of identify
 b - 2 scrolls of fear
 f - 2 scrolls of teleportation
 h - 4 scrolls of remove curse
 q - 6 scrolls of magic mapping
 v - 2 scrolls of fog
 y - 4 scrolls of amnesia
 J - 2 scrolls of immolation
 Y - a scroll of enchant weapon
Potions
 d - 2 potions of lignification
 k - 3 potions of heal wounds
 l - 4 potions of brilliance
 m - 2 potions of haste
 o - a potion of berserk rage
 s - a potion of mutation
 w - 8 potions of curing
 C - a potion of resistance
 H - 2 potions of might
 I - a potion of ambrosia
 O - a potion of cancellation
 S - a potion of attraction {unknown}


   Skills:
 - Level 4.0 Fighting
 - Level 4.7 Armour
 + Level 7.3 Dodging
 + Level 7.8 Stealth
 * Level 9.6 Spellcasting
 - Level 7.0 Conjurations
 - Level 8.9 Hexes
 - Level 5.5 Translocations
 * Level 3.4 Fire Magic
 * Level 3.5 Earth Magic
 + Level 4.2 Evocations


You had 3 spell levels left.
You knew the following spells:

 Your Spells              Type           Power        Failure   Level
a - Magic Dart            Conj           ####         1%          1
b - Searing Ray           Conj           ######       1%          2
c - Bolt of Magma         Conj/Fire/Erth #####.....   5%          5
d - Fulminant Prism       Conj/Hex       ######....   1%          4
e - Iskenderun's Mystic   Conj/Tloc      ######..     1%          4
f - Irradiate             Conj/Tmut      #####.....   9%          5
g - Dazzling Flash        Conj/Hex       ######       1%          3
h - Passwall              Tmut/Erth      ####....     3%          2

Your spell library contained the following spells:

 Spells                   Type           Power        Failure   Level
 Starburst                Conj/Fire      #####.....   22%         6
 Corona                   Hex            ######.      1%          1
 Sandblast                Erth           #####.       1%          1
 Ensorcelled Hibernation  Hex/Ice        #####.       1%          2
 Confusing Touch          Hex            ######..     1%          3
 Stone Arrow              Conj/Erth      #####.       1%          3
 Tukima's Dance           Hex            ######..     1%          3
 Lee's Rapid Deconstruct  Erth           #####.....   9%          5
 Petrify                  Tmut/Erth      ####....     24%         4


Dungeon Overview and Level Annotations

Branches:
Dungeon (11/15)            Temple (0/1) D:7            Lair (0/6) D:11
    Orc (0/2) D:9         Ossuary (visited)

Altars:
Dithmenos
Hepliaklqana
Nemelex Xobeh
Okawaru
Ru
Vehumet
Wu Jian
The Shining One


Message History

The mystic blast hits the boulder beetle!
The boulder beetle is moderately wounded.
The boulder beetle is knocked back by the mystic blast.
The boulder beetle curls into a ball and begins rolling!
The boulder beetle misses you.
The boulder beetle stops rolling and uncurls.
As you read the scroll of teleportation, it crumbles to dust.
You feel strangely unstable.
The boulder beetle completely misses you.
The boulder beetle blinks!
Your surroundings seem slightly different.
The boulder beetle curls into a ball and begins rolling!
An eye of draining comes into view.
The eye of draining turns its gaze towards you.
Unknown command.
As you read the scroll of teleportation, it crumbles to dust.
You feel strangely unstable. The boulder beetle hits you!!!
Ouch! That really hurt!
You die...

.. #.##...#≈≈≈≈#
######.# ≈......#≈≈≈≈#
#......# ≈≈≈≈≈.≈≈≈≈≈≈##
#......# ≈≈≈≈≈≈≈≈≈≈≈.≈#
#......#
≈≈≈≈≈≈≈≈≈≈≈.####......#
≈≈≈≈≈≈≈≈≈≈.≈..........#
..≈≈.≈...≈............#
..G....@B○°O....>#'####
###.#####........#°#
#........#..
########.#### #.# #.#
#.# #.# #.#######


You could see a boulder beetle, a two-headed ogre and an eye of draining.

Vanquished Creatures
  Snorg (D:10)
  A two-headed ogre (D:8)
  An unseen horror (D:8)
  A deep elf mage (D:9)
  2 oklob plants (D:11)
  A gargoyle (D:9)
  A troll (D:9)
  Grinder (D:3)
  2 wyverns
  3 yaks (D:10)
  Eustachio (D:4)
  Edmund (D:6)
  Duvessa (D:4)
  4 orc warriors
  2 water moccasins
  Purgy (D:4)
  3 ice beasts
  A sky beast (D:10)
  A black bear (D:7)
  9 ogres
  3 centaurs
  3 big kobolds (D:10)
  3 bullfrogs
  Dowan (D:4)
  4 scorpions
  6 killer bees (D:9)
  3 howler monkeys (D:9)
  3 bullfrog zombies
  A centaur zombie (D:7)
  2 hounds
  Crazy Yiuf (D:4)
  2 bullfrog skeletons
  4 orc priests
  A jelly (D:10)
  An iguana (D:8)
  9 orc wizards
  Terence (D:2)
  Natasha (thrice) (D:2)
  9 worker ants
  2 killer bee zombies
  4 big kobold zombies (Ossuary)
  A hound zombie (D:6)
  A hound skeleton (D:5)
  A mummy (Ossuary)
  Robin (D:2)
  A howler monkey zombie (D:6)
  8 adders
  5 gnolls (D:7)
  2 shadow imps
  An ufetubus (D:10)
  An ooze (D:1)
  2 adder zombies (D:6)
  2 adder skeletons
  4 worms
  3 dart slugs
  2 leopard geckos
  38 orcs
  4 spectral bats (Ossuary)
  5 bats
  4 giant cockroaches
  20 goblins
  6 hobgoblins
  8 jackals
  24 kobolds
  4 quokkas
  2 ball pythons
  4 bat simulacra (Ossuary)
  2 frilled lizards
  8 gnoll zombies (Ossuary)
  3 goblin simulacra (Ossuary)
  3 goblin zombies (Ossuary)
  2 hobgoblin zombies (Ossuary)
  A jackal skeleton (D:6)
  A kobold simulacrum (Ossuary)
  10 kobold zombies (Ossuary)
  3 orc zombies (Ossuary)
  4 rats
  3 rat simulacra (Ossuary)
  5 spectral goblins (Ossuary)
  3 spectral kobolds (Ossuary)
  2 spectral rats (Ossuary)
308 creatures vanquished.

Vanquished Creatures (others)
  48 fulminant prisms
  A fungus (D:4)
  18 plants
67 creatures vanquished.

Grand Total: 375 creatures vanquished

Notes
Turn   | Place    | Note
-------+----------+-------------------------------------------
     0 | D:1      | raph the Deep Elf Conjurer began the quest for the Orb.
     0 | D:1      | Reached XP level 1. HP: 10/10 MP: 6/6
   214 | D:1      | Reached XP level 2. HP: 15/15 MP: 6/8
   253 | D:1      | Learned a level 2 spell: Searing Ray
  1084 | D:2      | Reached XP level 3. HP: 19/19 MP: 6/9
  1089 | D:2      | Learned a level 3 spell: Dazzling Flash
  1306 | D:2      | Reached skill level 5 in Conjurations
  1306 | D:2      | Reached skill level 1 in Hexes
  1387 | D:2      | Found a sacrificial altar of Ru.
  1390 | D:2      | Found a radiant altar of Vehumet.
  1428 | D:2      | Became a worshipper of Vehumet
  1545 | D:2      | Noticed Robin
  1548 | D:2      | Killed Robin
  1548 | D:2      | Reached XP level 4. HP: 24/24 MP: 4/11
  1954 | D:2      | Noticed Terence
  1960 | D:2      | Killed Terence
  2008 | D:2      | Found an ornate altar of the Wu Jian Council.
  2008 | D:2      | Found a glowing golden altar of the Shining One.
  2045 | D:2      | Noticed Natasha
  2049 | D:2      | Killed Natasha
  2164 | D:2      | Noticed Natasha
  2170 | D:2      | Killed Natasha
  2170 | D:2      | Reached skill level 4 in Spellcasting
  2170 | D:2      | Reached XP level 5. HP: 28/28 MP: 8/13
  2249 | D:2      | Noticed Natasha
  2259 | D:2      | Killed Natasha
  2400 | D:3      | Found a shadowy altar of Dithmenos.
  2479 | D:3      | Learned a level 4 spell: Fulminant Prism
  2560 | D:3      | Reached * piety under Vehumet
  2560 | D:3      | Offered knowledge of Sandblast by Vehumet.
  2641 | D:3      | Noticed Grinder
  2649 | D:3      | Killed Grinder
  2649 | D:3      | Reached XP level 6. HP: 23/32 MP: 6/14
  3380 | D:4      | Noticed Eustachio
  3380 | D:4      | Noticed Duvessa
  3380 | D:4      | Noticed Dowan
  3598 | D:4      | Found a runed translucent door.
  3599 | D:4      | Noticed Crazy Yiuf
  3605 | D:4      | Killed Crazy Yiuf
  3605 | D:4      | Reached skill level 5 in Hexes
  3761 | D:4      | Killed Eustachio
  3761 | D:4      | Reached XP level 7. HP: 23/36 MP: 7/15
  3973 | D:4      | Learned a level 4 spell: Iskenderun's Mystic Blast
  4094 | D:4      | Reached skill level 1 in Translocations
  4249 | D:4      | Killed Dowan
  4269 | D:4      | Killed Duvessa
  4401 | D:4      | Noticed Purgy
  4407 | D:4      | Killed Purgy
  4552 | D:4      | Reached XP level 8. HP: 41/41 MP: 12/16
  4771 | D:5      | Entered Level 5 of the Dungeon
  4823 | D:5      | Reached ** piety under Vehumet
  4823 | D:5      | Offered knowledge of Freeze by Vehumet.
  4823 | D:5      | Reached skill level 1 in Armour
  5141 | D:5      | Found a hazy altar of Hepliaklqana.
  5525 | D:5      | Found a sparkling altar of Nemelex Xobeh.
  5625 | D:6      | Reached skill level 5 in Translocations
  5750 | D:6      | Found a sand-covered staircase.
  5758 | Ossuary  | Entered an ossuary
  6023 | Ossuary  | Offered knowledge of Ignite Poison by Vehumet.
  6088 | Ossuary  | Reached *** piety under Vehumet
  6620 | Ossuary  | Offered knowledge of Frozen Ramparts by Vehumet.
  7108 | D:6      | Reached **** piety under Vehumet
  7243 | D:6      | Offered knowledge of Irradiate by Vehumet.
  7282 | D:6      | Reached skill level 1 in Fighting
  7282 | D:6      | Reached XP level 9. HP: 19/47 MP: 2/18
  7503 | D:6      | Reached skill level 5 in Spellcasting
  7738 | D:6      | Noticed Edmund
  7745 | D:6      | Killed Edmund
  8195 | D:7      | Found an iron altar of Okawaru.
  8222 | D:7      | Found a staircase to the Ecumenical Temple.
  8291 | D:7      | Reached skill level 5 in Stealth
  8326 | D:7      | Learned a level 5 spell: Irradiate
  8556 | D:7      | Reached skill level 5 in Dodging
  8607 | D:7      | Reached skill level 6 in Spellcasting
  9063 | D:7      | Reached ***** piety under Vehumet
  9069 | D:7      | Reached skill level 1 in Evocations
  9119 | D:7      | Offered knowledge of Bolt of Magma by Vehumet.
  9578 | D:8      | Killed an unseen horror
  9578 | D:8      | Reached skill level 7 in Spellcasting
  9578 | D:8      | Reached XP level 10. HP: 28/55 MP: 4/22
 10053 | D:8      | Noticed a two-headed ogre
 10060 | D:8      | Killed a two-headed ogre
 10414 | D:8      | Reached skill level 8 in Spellcasting
 11296 | D:8      | Found a sacrificial altar of Ru.
 11764 | D:9      | Learned a level 5 spell: Bolt of Magma
 11768 | D:9      | Learned a level 3 spell: Dazzling Flash
 11771 | D:9      | Learned a level 2 spell: Passwall
 11781 | D:9      | Found a staircase to the Orcish Mines.
 12139 | D:9      | Found a sparkling altar of Nemelex Xobeh.
 12284 | D:9      | Noticed a gargoyle
 12288 | D:9      | Killed a gargoyle
 12288 | D:9      | Reached skill level 1 in Fire Magic
 12288 | D:9      | Reached skill level 1 in Earth Magic
 12289 | D:9      | Noticed a deep elf mage
 12294 | D:9      | Killed a deep elf mage
 12459 | D:10     | Entered Level 10 of the Dungeon
 12477 | D:10     | Reached skill level 9 in Spellcasting
 12598 | D:10     | Noticed Snorg
 12610 | D:10     | Killed Snorg
 12610 | D:10     | Reached XP level 11. HP: 57/60 MP: 3/26
 13070 | D:10     | Offered knowledge of Starburst by Vehumet.
 13749 | D:11     | Found a staircase to the Lair.
 13750 | D:11     | Noticed an oklob plant
 13750 | D:11     | Noticed an oklob plant
 13764 | D:11     | Killed an oklob plant
 13890 | D:11     | Killed an oklob plant
 13958 | D:11     | Noticed a boulder beetle
 13965 | D:11     | Noticed a two-headed ogre
 13977 | D:11     | Demolished by a boulder beetle

Illustrated notes

Levels and vault maps discovered:
D:1:      lightli_arrival_windingriver, layout_rooms
D:2:      layout_rooms, grunt_temple_overflow_open,
          gammafunk_temple_overflow_elements, uniq_robin, uniq_natasha,
          uniq_terence
D:3:      layout_loops_corners, grunt_dithmenos_smoke, uniq_grinder
D:4:      layout_rooms, palyth_stone_intersect, uniq_eustachio, uniq_duvessa,
          uniq_purgy, uniq_crazy_yiuf_cottage
D:5:      layout_cave_pools, nicolae_overflow_crystal_walls, serial_rivers,
          chequers_serial_rivers_small_a, chequers_serial_rivers_micro_d,
          chequers_serial_rivers_micro_b, chequers_serial_rivers_room_a,
          minivault_25, nemelex_diamond_rough_becter
D:6:      layout_cave_pools, nicolae_ossuary_entry_plus, serial_undead,
          serial_undead_e, serial_undead_c, serial_undead_c, serial_undead_c,
          uniq_edmund, uniq_maggie
D:7:      layout_basic, temple_fountains, hangedman_decor_push,
          okawaru_altar_gauntlet_db
D:8:      lemuel_upstairs_altar, layout_layer_cave, basic_altar
D:9:      layout_irregular_city, overflow_temple_1_default, orc_0_dummy,
          minivault_16, minmay_three_doors
D:10:     layout_loops_corners, feat_on_display, uniq_snorg
D:11:     minmay_smoke_and_mirrors, layout_basic, dpeg_oklobed_lair,
          chequers_avenue, chequers_serial_rivers_large_a, uniq_harold

Skill      XL: |  1  2  3  4  5  6  7  8  9 10 11 |
---------------+----------------------------------+-----
Stealth        | 3 4 6 7 |  7.8
Dodging        | 3 4 5 7 |  7.3
Conjurations   | 5 6 7 |  7.0
Hexes          | 1 2 4 5 7 8 |  8.9
Spellcasting   | 4 7 9 |  9.6
Translocations | 3 5 |  5.5
Armour         | 2 3 4 |  4.7
Fighting       | 1 2 3 4 |  4.0
Evocations     | 2 3 4 |  4.2
Fire Magic     | 2 3 |  3.4
Earth Magic    | 2 3 |  3.5

Action                   |  1- 3 |  4- 6 |  7- 9 | 10-12 || total
-------------------------+-------+-------+-------+-------++-------
Melee: Hand axe          |     6 |       |       |       ||     6
       Dagger            |    11 |     6 |       |       ||    17
       Short sword       |       |    17 |     5 |    47 ||    69
 Cast: Magic Dart        |    38 |    20 |    40 |    18 ||   116
       Searing Ray       |     8 |    21 |    86 |    28 ||   143
       Dazzling Flash    |       |     1 |       |       ||     1
       Fulminant Prism   |       |     2 |    21 |    25 ||    48
       Iskenderun's Myst |       |       |     9 |    22 ||    31
       Bolt of Magma     |       |       |       |     6 ||     6
  Use: Scroll            |       |     2 |    25 |     4 ||    31
 Stab: Sleeping          |     2 |     1 |       |     2 ||     5
       Invisible         |       |     1 |       |       ||     1
       Distracted        |       |       |       |     1 ||     1
Armor: Robe              |     4 |     9 |       |       ||    13
       Leather armour    |       |       |    22 |     6 ||    28
       Troll leather arm |       |       |       |     9 ||     9
Dodge: Dodged            |    20 |    24 |    49 |    78 ||   171

Table legend: (Time is in decaauts)
 A = Elapsed time spent in this place.
 B = Non-inter-level travel time spent in this place.
 C = Inter-level travel time spent in this place.
 D = Time resting spent in this place.
 E = Time spent auto-exploring this place.
 F = Levels seen in this place.
 G = Mean time per level.
                   A        B        C        D        E       F      G
               +--------+--------+--------+--------+--------+-----+--------+
         Total |  13990 |  13351 |    639 |   5711 |   5380 |  12 | 1165.8 |
       Dungeon |  12678 |  12039 |    639 |   4758 |   5317 |  11 | 1152.5 |
       Ossuary |   1311 |   1311 |      0 |    953 |     63 |   1 | 1311.0 |
               +--------+--------+--------+--------+--------+-----+--------+

Top non-repeatable levels by time:
     D:8: 1831 daAuts
     D:3: 1444 daAuts
     D:7: 1374 daAuts
     D:1: 1315 daAuts
 Ossuary: 1311 daAuts
     D:9: 1192 daAuts
    D:10: 1070 daAuts
     D:4: 1060 daAuts
     D:2: 1057 daAuts
     D:5: 1016 daAuts
     D:6: 951 daAuts
    D:11: 365 daAuts
